 Dungeon Sprint DCSS version 0.24.0-125-gc4c63601f3 (webtiles) character file.

Game seed: 8163087308255691746, levelgen mode: deterministic

15213 Ponchio the Sorcerer (level 11, -2/89 HPs)
             Began as a Deep Elf Earth Elementalist on Feb 29, 2020.
             Was a Priest of Vehumet.
             Slain by a bone dragon (20 damage)
             ... in the Dungeon (Sprint II: "The Violet Keep of Menkaure").
             The game lasted 00:22:49 (2908 turns).

Ponchio the Sorcerer (Deep Elf Earth Elementalist)  Turns: 2908, Time: 00:22:50

Health: -2/89      AC: 26    Str:  5    XL:     11   Next: 98%
Magic:  2/47       EV: 21    Int: 24    God:    Vehumet [***...]
Gold:   216        SH:  0    Dex: 15    Spells: 25/52 levels left

rFire    . . .     SeeInvis .   (no weapon)
rCold    . . .     Gourm    .   (no shield)
rNeg     + . .     Faith    .   (armour currently unavailable)
rPois    ∞         Spirit   .   (no helmet)
rElec    +         Reflect  .   (no cloak)
rCorr    .         Harm     +   (gloves currently unavailable)
MR       +....     NoTele   +   (boots currently unavailable)
Stlth    ++........             h - amulet of harm
HPRegen  0.24/turn              a - ring of magical power
MPRegen  0.30/turn              (no ring)

@: statue-form, very slow
A: deformed body, screaming 1, subdued magic 1
a: End Transformation, Renounce Religion


You were in the Dungeon.
You worshipped Vehumet.
Vehumet was most pleased with you.
You were not hungry.
You were a stone statue.
You visited 1 branch You collected 1386 gold pieces.
You spent 1170 gold pieces at shops.

Inventory:

Missiles
 b - 11 stones (quivered)
Armour
 c - a +0 robe (melded)
Jewellery
 a - a ring of magical power (left hand)
 h - an amulet of harm (around neck)
Scrolls
 d - a scroll of blinking
Potions
 e - a potion of curing
 g - 6 potions of flight {unknown}
 i - a potion of berserk rage


   Skills:
 - Level 8.4 Fighting
 - Level 12.6 Dodging
 - Level 2.4 Stealth
 + Level 21.3 Spellcasting
 - Level 1.1 Transmutations
 + Level 20.7 Earth Magic


You had 25 spell levels left.
You knew the following spells:

 Your Spells              Type           Power        Failure   Level  Hunger
a - Sandblast             Erth           ######       0%          1    None
b - Passwall              Tmut/Erth      ######..     0%          2    None
c - Stone Arrow           Conj/Erth      ######       1%          3    None
d - Petrify               Tmut/Erth      ######..     1%          4    None
e - Lee's Rapid Deconstr  Erth           #######...   0%          5    None
f - Statue Form           Tmut/Erth      ######...    2%          6    ##.....
g - Iron Shot             Conj/Erth      ######....   1%          6    ##.....

Your spell library contained the following spells:

 Spells                   Type           Power        Failure   Level  Hunger
 Static Discharge         Conj/Air       ###.....     1%          3    None
 Bolt of Magma            Conj/Fire/Erth #####.....   1%          5    None
 Irradiate                Conj/Tmut      ###.......   9%          5    None
 Iskenderun's Battlesphe  Conj/Chrm      ###.....     11%         5    None
 Venom Bolt               Conj/Pois      ###.......   11%         5    None
 Hydra Form               Tmut           ###.......   82%         6    ##.....
 Orb of Destruction       Conj           ###.......   95%         7    ####...
 Spellforged Servitor     Conj/Summ      ###.......   95%         7    ####...
 Dragon Form              Tmut           ###.......   100%        7    ####...


Dungeon Overview and Level Annotations

Branches:
Dungeon (1/1)

Altars:
Cheibriados
Dithmenos
Elyvilon
Fedhas
Gozag
Hepliaklqana
Kikubaaqudgha
Makhleb
Nemelex Xobeh
Okawaru
Qazlal
Ru
Sif Muna
Trog
Uskayaw
Vehumet
Wu Jian
Xom
Yredelemnul
Zin
The Shining One
Beogh
Jiyva
Lugonu

Shops:
D [%:[!}[=[=(!*(?:

Annotations:
D exclusion: oklob plant


Innate Abilities, Weirdness & Mutations

Armour fits poorly on your strangely shaped body.
You occasionally shout uncontrollably at your foes.
Your spells are a little easier to cast, but a little less powerful.


Message History

The bone dragon tramples you.
* * * LOW HITPOINT WARNING * * *
You hold your ground!
Unknown command.
Casting: Sandblast (safe; 0% risk of failure)
Confirm with . or Enter, or press ? or * to list all spells.
Aiming: Sandblast (safe; 0% risk of failure)
Press: ? - help, Shift-Dir - straight line, f/p - bone dragon
Aim: a bone dragon (almost destroyed)
The blast of sand hits the bone dragon!
The bone dragon is almost destroyed.
b - 11 stones The bone dragon bites you but does no damage.
The bone dragon closely misses you. x2
You feel much better. The bone dragon bites you.
* * * LOW HITPOINT WARNING * * *
The bone dragon claws you!
* * * LOW HITPOINT WARNING * * *
The bone dragon completely misses you. The bone dragon bites you!
You die...

†.##.≈≈≈≈≈.## ###≈§§.≈§§.≈##
.+§≈≈≈§§§§≈≈.# +# ###.≈§§≈≈§≈≈##
..^### ○☼##§§§≈≈≈≈## ....###
#○°#'§§#'''## ...#.##
°°○§≈(≈.≈..≈# ..#..#
≈☼°≈.##'##..# ####^#..#
≈≈≈≈##(§.##≈####8D†^##.#
≈≈≈≈#.##..#≈...#.$#.^.####
≈≈####.######..#####..##.#▓?$%)(!
≈##.###'###.##..#..††^#..#▓!??$)$
≈##..##.##...#..#..#D.#.(#▓(=[?[=
≈+.##'.<.'###'..####..##)#▓!($$$$
≈##..##.##...#....###)..##▓▓▓▓▓▓▓
≈##.###+###.##..§...≈≈≈≈≈≈≈≈≈≈≈≈≈
≈≈####...####≈§.§...≈#)########+#


You could see a bone dragon.

Vanquished Creatures
  Kirke (D)
  Roxanne (D)
  A frost giant (D)
  A cacodemon (D)
  A crystal guardian (D)
  A deep elf high priest (D)
  A yaktaur captain (D)
  A centaur warrior (D)
  A death yak (D)
  2 hell hogs (D)
  2 death drakes (D)
  A skeletal warrior (D)
  An elephant (D)
  2 spiny frogs (D)
  A kobold demonologist (D)
  A yaktaur (D)
  3 polar bears (D)
  A hornet (D)
  2 tyrant leeches (D)
  4 neqoxecs (D)
  A vampire mosquito (D)
  2 swamp drakes (D)
  5 necrophages (D)
  A crocodile (D)
  An iron imp (D)
  4 worker ants (D)
43 creatures vanquished.

Vanquished Creatures (others)
  Menkaure (D)
  A crocodile (D)
2 creatures vanquished.

Grand Total: 45 creatures vanquished

Notes
Turn   | Place    | Note
-------+----------+-------------------------------------------
     0 | D        | Ponchio the Deep Elf Earth Elementalist began the quest for
                  | the Orb.
     0 | D        | Reached XP level 1. HP: 10/10 MP: 6/6
     1 | D        | Noticed a tyrant leech
     1 | D        | Noticed a tyrant leech
     5 | D        | Noticed a necrophage
     5 | D        | Noticed a necrophage
     5 | D        | Noticed a necrophage
     5 | D        | Noticed a necrophage
    11 | D        | Killed a necrophage
    11 | D        | Reached skill level 7 in Spellcasting
    11 | D        | Reached XP level 2. HP: 9/15 MP: 1/12
    11 | D        | Reached XP level 3. HP: 11/19 MP: 1/13
    11 | D        | Reached XP level 4. HP: 15/24 MP: 1/15
    15 | D        | Killed a necrophage
    15 | D        | Reached skill level 9 in Spellcasting
    15 | D        | Reached XP level 5. HP: 10/28 MP: 14/19
    18 | D        | Killed a necrophage
    18 | D        | Reached skill level 10 in Spellcasting
    18 | D        | Reached skill level 10 in Earth Magic
    19 | D        | Killed a necrophage
    19 | D        | Reached skill level 11 in Spellcasting
    19 | D        | Reached XP level 6. HP: 11/32 MP: 10/22
    39 | D        | Learned a level 2 spell: Passwall
    43 | D        | Learned a level 3 spell: Stone Arrow
    48 | D        | Learned a level 4 spell: Petrify
    49 | D        | Killed Menkaure
    54 | D        | Learned a level 5 spell: Lee's Rapid Deconstruction
   234 | D        | Reached skill level 12 in Spellcasting
   327 | D        | Noticed a neqoxec
   332 | D        | Gained mutation: You occasionally shout uncontrollably at
                  | your foes. [a neqoxec]
   333 | D        | Killed a neqoxec
   333 | D        | Reached skill level 13 in Spellcasting
   333 | D        | Reached XP level 7. HP: 36/36 MP: 13/25
   341 | D        | Noticed a neqoxec
   342 | D        | Killed a neqoxec
   350 | D        | Noticed a neqoxec
   350 | D        | Gained mutation: Armour fits poorly on your strangely
                  | shaped body. [a neqoxec]
   352 | D        | Gained mutation: Your spells are a little easier to cast,
                  | but a little less powerful. [a neqoxec]
   353 | D        | Killed a neqoxec
   353 | D        | Reached skill level 14 in Spellcasting
   358 | D        | Noticed a neqoxec
   361 | D        | Killed a neqoxec
   494 | D        | Reached XP level 8. HP: 41/41 MP: 25/28
   495 | D        | Noticed Roxanne
   514 | D        | Killed a tyrant leech
   514 | D        | Reached skill level 15 in Spellcasting
   521 | D        | Killed a tyrant leech
   781 | D        | Killed Roxanne
   781 | D        | Reached XP level 9. HP: 45/45 MP: 0/30
   947 | D        | Learned a level 6 spell: Statue Form
  1053 | D        | Found Tovajantee's Distillery.
  1053 | D        | Found Risuzxoa's Antique Weapon Shop.
  1053 | D        | Found Genyiklo's Jewellery Boutique.
  1053 | D        | Found Vuanig's Book Shop.
  1053 | D        | Found Rywo's Antique Weapon Boutique.
  1053 | D        | Found Ataemoow's Assorted Antiques.
  1054 | D        | Found Tailexat's Antique Armour Boutique.
  1054 | D        | Found Edowuago's Jewellery Shop.
  1054 | D        | Found Vunuem's Magic Scroll Boutique.
  1055 | D        | Found Iwamefok's Antique Armour Shop.
  1055 | D        | Found Enimosus's Gadget Boutique.
  1055 | D        | Noticed a shining eye
  1061 | D        | Reached skill level 1 in Fighting
  1061 | D        | Reached skill level 10 in Dodging
  1280 | D        | Noticed a shining eye
  1281 | D        | Found Veshudusegh's Distillery.
  1281 | D        | Found Enimosus's Armour Shop.
  1281 | D        | Noticed a shining eye
  1281 | D        | Noticed an oklob plant
  1282 | D        | Found Xoinos's Food Shop.
  1282 | D        | Found Cuatadgh's Book Shoppe.
  1282 | D        | Found Wamias's Antique Armour Boutique.
  1318 | D        | Bought a book of Power for 540 gold pieces
  1325 | D        | Learned a level 6 spell: Iron Shot
  1431 | D        | Bought an uncursed ring of magical power for 240 gold
                  | pieces
  1447 | D        | Bought a ration for 60 gold pieces
  1480 | D        | Noticed Kirke
  1480 | D        | Noticed a yaktaur captain
  1480 | D        | Noticed a kobold demonologist
  1481 | D        | Noticed a centaur warrior
  1482 | D        | Killed a kobold demonologist
  1482 | D        | Noticed an elephant
  1484 | D        | Killed Kirke
  1484 | D        | Reached XP level 10. HP: 63/63 MP: 10/31
  1484 | D        | Killed a yaktaur captain
  1484 | D        | Noticed a skeletal warrior
  1485 | D        | Noticed a death yak
  1680 | D        | Killed a skeletal warrior
  1680 | D        | Reached skill level 16 in Spellcasting
  1686 | D        | Killed a centaur warrior
  1820 | D        | Killed a death yak
  1820 | D        | Reached skill level 17 in Spellcasting
  1950 | D        | Noticed a fire dragon
  1994 | D        | Killed an elephant
  2153 | D        | Found a glowing golden altar of the Shining One.
  2153 | D        | Found an ornate altar of the Wu Jian Council.
  2153 | D        | Found a stormy altar of Qazlal.
  2154 | D        | Found a shimmering altar of Xom.
  2154 | D        | Found a sacrificial altar of Ru.
  2155 | D        | Found a basalt altar of Yredelemnul.
  2155 | D        | Found a shimmering blue altar of Sif Muna.
  2156 | D        | Found a glowing silver altar of Zin.
  2156 | D        | Found a bloodstained altar of Trog.
  2156 | D        | Found an ancient bone altar of Kikubaaqudgha.
  2156 | D        | Found a viscous altar of Jiyva.
  2157 | D        | Found a hide-covered altar of Uskayaw.
  2157 | D        | Found a corrupted altar of Lugonu.
  2157 | D        | Found a shadowy altar of Dithmenos.
  2158 | D        | Found a radiant altar of Vehumet.
  2158 | D        | Found a burning altar of Makhleb.
  2158 | D        | Found a white marble altar of Elyvilon.
  2159 | D        | Found a sparkling altar of Nemelex Xobeh.
  2159 | D        | Found a blossoming altar of Fedhas.
  2161 | D        | Found an iron altar of Okawaru.
  2161 | D        | Found an opulent altar of Gozag.
  2161 | D        | Found a hazy altar of Hepliaklqana.
  2161 | D        | Found a snail-covered altar of Cheibriados.
  2162 | D        | Found a roughly hewn altar of Beogh.
  2166 | D        | Reached XP level 11. HP: 69/69 MP: 23/34
  2168 | D        | Reached skill level 18 in Spellcasting
  2318 | D        | Became a worshipper of Vehumet
  2419 | D        | Bought an uncursed amulet of harm for 330 gold pieces
  2472 | D        | Noticed a golden dragon
  2472 | D        | Noticed a bone dragon
  2501 | D        | Noticed a death drake
  2501 | D        | Noticed a death drake
  2505 | D        | Killed a death drake
  2505 | D        | Reached * piety under Vehumet
  2505 | D        | Offered knowledge of Magic Dart by Vehumet.
  2505 | D        | Killed a death drake
  2589 | D        | Noticed a cacodemon
  2590 | D        | Noticed a frost giant
  2595 | D        | Killed a frost giant
  2595 | D        | Reached skill level 19 in Spellcasting
  2603 | D        | Killed a cacodemon
  2603 | D        | Reached ** piety under Vehumet
  2603 | D        | Reached skill level 20 in Spellcasting
  2637 | D        | Noticed a deep elf high priest
  2718 | D        | Killed a deep elf high priest
  2718 | D        | Offered knowledge of Sting by Vehumet.
  2764 | D        | Noticed a crystal guardian
  2768 | D        | Killed a crystal guardian
  2769 | D        | Noticed a hell hog
  2769 | D        | Noticed a hell hog
  2772 | D        | Killed a hell hog
  2772 | D        | Reached *** piety under Vehumet
  2773 | D        | Killed a hell hog
  2773 | D        | Reached skill level 21 in Spellcasting
  2895 | D        | Offered knowledge of Static Discharge by Vehumet.
  2908 | D        | Slain by a bone dragon

Levels and vault maps discovered:
D:        the_violet_keep_of_menkaure [sprint2_stairs_cluster_1,
          sprint2_shoproom, sprint2_temple, sprint2_basic_supplies,
          sprint2_obstacle_1, sprint2_obstacle_5, sprint2_obstacle_6,
          sprint2_obstacle_2, sprint2_obstacle_3, sprint2_timed_cluster_1,
          sprint2_smallroom_cluster_1, sprint2_smallroom_final_cluster_1,
          sprint2_transparent_cluster_1, sprint2_second_timed_cluster_1,
          sprint2_sniper_area_1, sprint2_heavy_combat_area_1,
          sprint2_mutation_trap_area_1, sprint2_forest_area_1,
          sprint2_light_combat_area_1, sprint2_behind_water_1,
          sprint2_near_end_vault_1]

Skill      XL: |  1  2  3  4  5  6  7  8  9 10 11 |
---------------+----------------------------------+-----
Spellcasting   | 7 9 11 13 14 15 17 21 | 21.3
Earth Magic    | 8 9 11 12 13 16 18 20 | 20.7
Dodging        | 9 12 | 12.6
Fighting       | 7 8 |  8.4
Stealth        | |  2.4
Transmutations | |  1.1

Action                   |  1- 3 |  4- 6 |  7- 9 | 10-12 || total
-------------------------+-------+-------+-------+-------++-------
Melee: Unarmed           |       |       |       |     1 ||     1
 Cast: Sandblast         |     4 |     8 |     3 |     4 ||    19
       Lee's Rapid Decon |       |     4 |    24 |    31 ||    59
       Iron Shot         |       |       |       |    22 ||    22
       Statue Form       |       |       |       |     5 ||     5
  Use: Potion            |     1 |     1 |     1 |     1 ||     4
       Scroll            |       |       |     1 |     1 ||     2
  Eat: Ration            |       |       |     1 |     1 ||     2
       Chunk             |       |       |       |     4 ||     4
Armor: Skin              |       |       |       |    17 ||    17
Dodge: Dodged            |     1 |     2 |     2 |    30 ||    35
